 Dungeon Crawl Stone Soup version 0.30.1-9-gdf580d7c3d (webtiles) character file.

Game seed: 12671060819001798384

7 CaptainMV the Chiller (level 1, -1/14 HPs)
             Began as a Draconian Ice Elementalist on Oct 9, 2023.
             Was a Follower of Sif Muna.
             Frozen to death by an endoplasm (2 damage)
             ... on level 1 of the Dungeon.
             The game lasted 00:02:18 (61 turns).

CaptainMV the Chiller (Draconian Ice Elementalist)    Turns: 61, Time: 00:02:18

Health: -1/14      AC: 11    Str: 10    XL:     1   Next: 83%
Magic:  0/3        EV: 12    Int: 15    God:    Sif Muna [*.....]
Gold:   12         SH:  0    Dex: 11    Spells: 3/4 levels left

rFire   . . .        b - +2 dagger (protect)
rCold   . . .        (no shield)
rNeg    . . .        (body armour unavailable)
rPois   .            (helmet restricted)
rElec   .            (no cloak)
rCorr   .            (no gloves)
SInv    .            (no boots)
Will    .....        (no amulet)
Stlth   ++           (no ring)
HPRegen 0.22/turn    (no ring)
MPRegen 0.08/turn

%: no passive effects
@: under a protective aura, slowed, very slow
A: AC +4, unfitting armour, cold-blooded
a: Renounce Religion, Channel Magic


You were on level 1 of the Dungeon.
You worshipped Sif Muna.
Sif Muna was aware of your devotion.
You visited 1 branch of the dungeon, and saw 1 of its levels.

You collected 12 gold pieces.

Inventory:

Hand Weapons
 b - a +2 dagger of protection (weapon)
Potions
 a - a potion of magic


   Skills:
 + Level 1.8 Dodging
 + Level 1.9 Stealth
 + Level 2.1 Spellcasting
 + Level 4.2 Ice Magic


You had 3 spell levels left.
You knew the following spells:

 Your Spells              Type           Power      Damage    Failure   Level
a - Freeze                Ice            56%        1d7       3%          1

Your spell library contained the following spells:

 Spells                   Type           Power      Damage    Failure   Level
 Frozen Ramparts          Ice            28%        1d5       12%         3
 Ozocubu's Armour         Ice            14%        N/A       12%         3
 Summon Ice Beast         Ice/Summ       7%         N/A       67%         4


Dungeon Overview and Level Annotations

Branches:
Dungeon (1/15)

Altars:
Sif Muna


Innate Abilities, Weirdness & Mutations

Your plain brown scales are hard. (AC +4)
You cannot fit into any form of body armour.
You are cold-blooded and may be slowed by cold attacks.


Message History

The goblin shouts!
The endoplasm quivers. x2
The endoplasm barely misses you.
Casting: Freeze (safe; 4% risk of failure)
Confirm with . or Enter, or press ? or * to list all spells.
Aiming: Freeze (safe; 4% risk of failure)
Press: ? - help, Shift-Dir - straight line, f - endoplasm
Aim: an endoplasm You freeze the endoplasm.
The endoplasm is moderately wounded.
The endoplasm jiggles.
The endoplasm freezes you.
You are frozen.
You feel yourself slow down.
Casting: Freeze (safe; 4% risk of failure)
Confirm with . or Enter, or press ? or * to list all spells.
Aiming: Freeze (safe; 4% risk of failure)
Press: ? - help, Shift-Dir - straight line, f/p - endoplasm
Aim: an endoplasm (moderately wounded)
You freeze the endoplasm.
You kill the endoplasm!
Sif Muna accepts your kill. The goblin barely misses you.
The goblin hits you with a +0 club.
You hit the goblin.
Your weapon exudes an aura of protection.
You tail-slap the goblin.
You kill the goblin!
Sif Muna accepts your kill. The endoplasm freezes you.
You are frozen.
* * * LOW HITPOINT WARNING * * *
You feel as though you will be slow longer.
You hit the endoplasm.
The endoplasm is moderately wounded.
The endoplasm freezes you.
You are frozen.
* * * LOW HITPOINT WARNING * * *
You feel as though you will be slow longer.
The endoplasm freezes you.
You are frozen.
You die...

##........###
..[.......... .
#..........# .#
#.........# #.
#....?...$## . ###.
#........... .. #..
###.J)....>.. ...###.#
##....@.....#
......_####...........#
.####....##...........#
...##.................#
#.........#..........#
.##..#'#..##.#.......##
..####⌠####..##.....##
8.††')<⌠''..8###.####
..####⌠####..# .#


You could see an endoplasm.

Vanquished Creatures
  An endoplasm (D:1)
  2 goblins (D:1)
  A hobgoblin (D:1)
  A ball python (D:1)
  A kobold (D:1)
6 creatures vanquished.

Notes
Turn   | Place    | Note
-------+----------+-------------------------------------------
     0 | D:1      | CaptainMV the Draconian Ice Elementalist began the quest
                  | for the Orb.
     0 | D:1      | Reached XP level 1. HP: 14/14 MP: 3/3
     6 | D:1      | Found a faded altar of an unknown god.
    43 | D:1      | Prayed at the altar of an unknown god.
    43 | D:1      | Became a worshipper of Sif Muna the Loreminder
    43 | D:1      | Reached * piety under Sif Muna
    61 | D:1      | Frozen to death by an endoplasm

Illustrated notes

Levels and vault maps discovered:
D:1:      grunt_arrival_crossed_arrows, layout_rooms, basic_ecumenical_altar

Action                     || total
---------------------------++-------
  Melee: Dagger            ||     6
         Tailslap          ||     1
   Cast: Freeze            ||     6
  Dodge: Dodged            ||     6
